 Dungeon Crawl Stone Soup version 0.21.1-1-g345015f (webtiles) character file.

17333 troglodite the Cleaver (level 12, 0/93 HPs)
             Began as a Demonspawn Berserker on May 7, 2018.
             Was a High Priest of Trog.
             Slain by a centaur (6 damage)
             ... on level 12 of the Dungeon.
             The game lasted 00:41:16 (12133 turns).

troglodite the Cleaver (Demonspawn Berserker)      Turns: 12133, Time: 00:41:17

Health: 0/93       AC: 13    Str: 19    XL:     12   Next: 18%
Magic:  12/12      EV:  8    Int: 13    God:    Trog [*****.]
Gold:   601        SH: 17    Dex: 20    Spells: 11/11 levels left

rFire    + . .     SeeInvis .   f - +3 hand axe of Infinity {flame, Dex+4}
rCold    . . .     Gourm    .   q - +0 large shield
rNeg     . . .     Faith    .   C - +0 plate armour
rPois    .         Spirit   .   (helmet restricted)
rElec    .         Reflect  .   D - scarf {repulsion}
rCorr    .         Harm     .   (no gloves)
MR       .....                  (no boots)
Stlth    ++........             G - amulet of regeneration
HPRegen  1.65/turn              x - ring of Veefip {Wiz rF+ Int+4}
MPRegen  0.13/turn              J - +2 ring of evasion

@: berserk cooldown, slowed, repel missiles, very slow
A: antennae 2, claws 2, talons 1, nightstalker 2, powered by death 1
a: Berserk, Trog's Hand, Brothers in Arms, Burn Spellbooks, Renounce Religion


You were on level 12 of the Dungeon.
You worshipped Trog.
Trog was extremely pleased with you.
You were hungry.

You visited 1 branch of the dungeon, and saw 12 of its levels.

You collected 601 gold pieces.

Inventory:

Hand Weapons
 a - a +0 falchion
 f - the +3 hand axe of Infinity (weapon) {flame, Dex+4}
   (Trog gifted it to you on level 9 of the Dungeon)

   It has been specially enchanted to burn those struck by it, causing extra
   injury to most foes and up to half again as much damage against particularly
   susceptible opponents.
   Big, fiery blades are also staple armaments of hydra-hunters.
   It affects your dexterity (+4).
 o - a +4 war axe
Armour
 k - a +0 helmet
 q - a +0 large shield (worn)
 C - a +0 plate armour (worn)
 D - a scarf of repulsion (worn)
 I - a +0 ring mail of fire resistance
Jewellery
 x - the ring of Veefip (left claw) {Wiz rF+ Int+4}
   (You took it off an orc on level 4 of the Dungeon)

   [ring of wizardry]

   It improves your spell success rate.
   It affects your intelligence (+4).
   It protects you from fire.
 G - an amulet of regeneration (around neck)
 J - a +2 ring of evasion (right claw)
 K - an uncursed ring of protection from fire
Wands
 b - a wand of enslavement (11)
 n - a wand of polymorph (9)
 t - a wand of paralysis (22)
 A - a wand of acid (7)
Scrolls
 d - 3 scrolls of immolation {unknown}
 e - 3 scrolls of fear {unknown}
 g - 4 scrolls of identify
 h - 3 scrolls of random uselessness {unknown}
 m - 2 scrolls of enchant armour {unknown}
 p - 6 scrolls of remove curse
 s - 2 scrolls of amnesia {unknown}
 v - 4 scrolls of fog {unknown}
 w - 2 scrolls of magic mapping {unknown}
 y - 4 scrolls of teleportation {unknown}
 B - a scroll of noise {unknown}
 N - a scroll of enchant weapon {unknown}
 O - a scroll of vulnerability {unknown}
Potions
 i - 6 potions of flight
 j - 4 potions of lignification
 l - 8 potions of heal wounds
 r - 8 potions of curing
 z - 2 potions of brilliance
 E - 2 potions of resistance
 F - a potion of haste
 H - 2 potions of ambrosia
 L - 2 potions of mutation
 M - a potion of agility {unknown}
Comestibles
 c - 25 rations


   Skills:
 * Level 8.2 Fighting
 + Level 3.1 Long Blades
 + Level 8.7 Axes
 * Level 7.7 Armour
 * Level 6.8 Dodging
 * Level 7.1 Stealth
 * Level 8.6 Shields


You had 11 spell levels left.
You didn't know any spells.

Dungeon Overview and Level Annotations

Branches:
Dungeon (12/15)            Temple (0/1) D:6            Lair (0/6) D:9
    Orc: D:9-12

Altars:
Fedhas
Gozag
Makhleb
Ru
Sif Muna
Trog

Shops:
D:9 [


Innate Abilities, Weirdness & Mutations

You have a pair of antennae on your head.
You have very sharp fingernails.
You have sharp toenails.
You are significantly more attuned to the shadows.
You regenerate a little health from kills.


Message History

The bolt of electricity hits you! You block the centaur's attack.
The electric eel shoots out a bolt of lightning at you!
The bolt of electricity hits you! x2
* * * LOW HITPOINT WARNING * * *
The electric eel shoots out a bolt of lightning at you!
The bolt of electricity hits you!
* * * LOW HITPOINT WARNING * * *
The centaur barely misses you.
You slash the electric eel! You burn the electric eel.
You kill the electric eel!
Trog accepts your kill.
You hear a splash.
You hit the centaur. You burn the centaur.
You hit the electric eel but do no damage.
You block the centaur's attack.
The electric eel shoots out a bolt of lightning at you!
The bolt of electricity is repelled.
The bolt of electricity hits you!
* * * LOW HITPOINT WARNING * * *
The centaur hits you.
You die...

{ { { ..≈≈o+#
########### ..≈8≈≈
≈≈≈≈≈≈≈≈≈≈≈ ..8≈≈
≈≈≈≈≈≈≈≈≈≈≈;≈≈≈≈ ...
..........@).... ##.#
#.........)c####
##.## #..# ####.(####
....###..##.........#
####
##...........##(.##.#
##... ...####...##.
#..##.# #...# ##.#
#.....#.##..##.#
##.#.. #†#
##.............#
##.###. ##.#
##.###<######.# ##.##
##


You could see a centaur and an electric eel.

Vanquished Creatures
  A hydra (D:12)
  A centaur warrior (D:8)
  A two-headed ogre (D:10)
  An unseen horror (D:10)
  The ghost of emiel the Frost Mage, a novice MfIE (D:8)
  A manticore (D:12)
  Pikel (D:6)
  A cyclops (D:8)
  A deep elf mage (D:12)
  2 ugly things
  Joseph (D:9)
  A gargoyle (D:5)
  A troll (D:12)
  A hornet (D:10)
  Prince Ribbit (D:6)
  A hippogriff (D:8)
  A vampire (D:11)
  5 wyverns
  A shadow (D:11)
  15 yaks
  A soldier ant (D:11)
  Duvessa (D:7)
  5 orc warriors
  6 black bears
  2 sky beasts
  5 ogres
  2 phantoms
  2 eyes of draining (D:11)
  4 ice beasts
  10 centaurs
  2 big kobolds
  6 bullfrogs
  A wyvern skeleton (D:8)
  Dowan (D:7)
  8 scorpions
  5 killer bees (D:9)
  10 wights
  3 howler monkeys (D:12)
  2 electric eels (D:12)
  A centaur zombie (D:9)
  5 crimson imps
  2 bullfrog skeletons
  5 orc priests
  7 hounds
  4 jellies
  3 iguanas
  5 orc wizards
  2 centaur skeletons
  6 worker ants
  A hound zombie (D:9)
  4 gnolls (D:8)
  12 adders
  2 shadow imps
  7 oozes
  An adder zombie (D:8)
  A worm (D:3)
  A dart slug (D:3)
  3 leopard geckos
  44 orcs
  9 giant cockroaches
  6 goblins
  7 hobgoblins
  16 jackals
  16 kobolds
  9 quokkas
  2 ball pythons
  4 bats
  7 frilled lizards
  A leopard gecko skeleton (D:5)
  12 rats
320 creatures vanquished.

Vanquished Creatures (collateral kills)
  The ghost of MordorOrchid the Reanimator, a novice GnNe of Okawaru (D:9)
1 creature vanquished.

Vanquished Creatures (others)
  A slave (D:6)
  2 orcs (D:6)
3 creatures vanquished.

Grand Total: 324 creatures vanquished

Notes
Turn   | Place    | Note
-------+----------+-------------------------------------------
     0 | D:1      | troglodite the Demonspawn Berserker began the quest for the Orb.
     0 | D:1      | Reached XP level 1. HP: 18/18 MP: 1/1
   177 | D:1      | Gained mutation: You are slightly more attuned to the shadows. [demonic ancestry]
   177 | D:1      | Reached XP level 2. HP: 18/24 MP: 2/2
   572 | D:1      | Gained mutation: You are significantly more attuned to the shadows. [demonic ancestry]
   572 | D:1      | Reached XP level 3. HP: 25/29 MP: 3/3
   608 | D:1      | Reached ** piety under Trog
  1603 | D:2      | Reached skill level 1 in Stealth
  1603 | D:2      | Gained mutation: You have sharp fingernails. [demonic ancestry]
  1603 | D:2      | Reached XP level 4. HP: 31/37 MP: 4/4
  1833 | D:2      | Found a blossoming altar of Fedhas.
  1944 | D:2      | Found a faded altar of an unknown god.
  2105 | D:3      | Reached skill level 1 in Axes
  2383 | D:3      | Reached *** piety under Trog
  2383 | D:3      | Reached XP level 5. HP: 39/42 MP: 5/5
  2384 | D:3      | Found a deep blue altar of Sif Muna.
  2693 | D:3      | Found a bloodstained altar of Trog.
  2703 | D:3      | Found an opulent altar of Gozag.
  3142 | D:4      | Got a flickering tin ring
  3145 | D:4      | Identified the ring of Veefip {Wiz rF+ Int+4} (You took it off an orc on level 4 of the Dungeon)
  3426 | D:4      | Found a burning altar of Makhleb.
  3429 | D:4      | Noticed a blizzard demon
  3431 | D:4      | Noticed a neqoxec
  3431 | D:4      | Noticed a ynoxinul
  3472 | D:4      | Reached skill level 1 in Shields
  3698 | D:4      | Gained mutation: You regenerate a little health from kills. [demonic ancestry]
  3698 | D:4      | Reached XP level 6. HP: 48/48 MP: 6/6
  3731 | D:5      | Entered Level 5 of the Dungeon
  3780 | D:5      | Noticed an ice beast
  3791 | D:5      | Killed an ice beast
  4043 | D:5      | Gained mutation: You have sharp toenails. [demonic ancestry]
  4043 | D:5      | Reached XP level 7. HP: 55/55 MP: 7/7
  4518 | D:5      | You fall through a shaft!
  4538 | D:5      | Noticed a gargoyle
  4551 | D:5      | Killed a gargoyle
  4551 | D:5      | Gained mutation: You have very sharp fingernails. [demonic ancestry]
  4551 | D:5      | Reached XP level 8. HP: 15/61 MP: 8/8
  4909 | D:6      | Reached skill level 5 in Fighting
  4936 | D:6      | Reached **** piety under Trog
  4966 | D:6      | Noticed Pikel
  4981 | D:6      | Killed Pikel
  4981 | D:6      | Reached skill level 5 in Axes
  4981 | D:6      | Reached XP level 9. HP: 43/68 MP: 9/9
  5000 | D:6      | Found a staircase to the Ecumenical Temple.
  5388 | D:6      | Reached skill level 5 in Armour
  5694 | D:6      | Noticed Prince Ribbit
  5703 | D:6      | Killed Prince Ribbit
  5940 | D:7      | Noticed Dowan
  5955 | D:7      | Noticed Duvessa
  5956 | D:7      | Killed Dowan
  5964 | D:7      | Killed Duvessa
  6569 | D:7      | Reached skill level 5 in Shields
  6775 | D:8      | Noticed emiel's ghost (novice MfIE)
  6791 | D:8      | Killed emiel's ghost
  6791 | D:8      | Reached skill level 5 in Dodging
  6791 | D:8      | Reached skill level 5 in Stealth
  6791 | D:8      | Reached XP level 10. HP: 76/76 MP: 10/10
  6978 | D:8      | Reached ***** piety under Trog
  7027 | D:8      | Noticed a cyclops
  7117 | D:8      | Killed a cyclops
  7359 | D:8      | Noticed a centaur warrior
  7376 | D:8      | Killed a centaur warrior
  7607 | D:9      | Noticed Joseph
  7628 | D:9      | Killed Joseph
  7628 | D:9      | Received a gift from Trog
  7631 | D:9      | Got a polished hand axe {god gift}
  7632 | D:9      | Identified the +3 hand axe of Infinity {flame, Dex+4} (Trog gifted it to you on level 9 of the Dungeon)
  7721 | D:9      | Noticed MordorOrchid's ghost (novice GnNe)
  7763 | D:9      | Killed MordorOrchid's ghost
  8237 | D:9      | Found Pikusiav's Armour Shoppe.
  8282 | D:9      | Found a staircase to the Lair.
  8355 | D:10     | Entered Level 10 of the Dungeon
  8365 | D:10     | Gained mutation: You have a pair of small antennae on your head. [demonic ancestry]
  8365 | D:10     | Reached XP level 11. HP: 57/84 MP: 11/11
  8376 | D:10     | Killed an unseen horror
  8506 | D:10     | Found a sacrificial altar of Ru.
  8832 | D:10     | Paralysed by a hornet for 3 turns
  8934 | D:10     | Noticed a two-headed ogre
  8944 | D:10     | Killed a two-headed ogre
  9770 | D:11     | Noticed a cyan ugly thing
  9785 | D:11     | Killed a cyan ugly thing
 11227 | D:12     | Noticed a deep elf mage
 11238 | D:12     | Killed a deep elf mage
 11567 | D:12     | Noticed a six-headed hydra
 11575 | D:12     | Killed a one-headed hydra
 11575 | D:12     | Gained mutation: You have a pair of antennae on your head. [demonic ancestry]
 11575 | D:12     | Reached XP level 12. HP: 59/92 MP: 12/12
 12133 | D:12     | Slain by a centaur

Skill      XL: |  1  2  3  4  5  6  7  8  9 10 11 12 |
---------------+-------------------------------------+-----
Dodging        | 2 3 4 5 6 |  6.8
Armour         | 2 3 4 5 6 7 |  7.7
Long Blades    | 3 |  3.1
Stealth        | 1 2 3 4 5 6 7 |  7.1
Axes           | 1 2 4 5 6 7 8 |  8.7
Fighting       | 4 5 6 7 8 |  8.2
Shields        | 1 2 3 5 6 8 |  8.6

Action                   |  1- 3 |  4- 6 |  7- 9 | 10-12 || total
-------------------------+-------+-------+-------+-------++-------
Melee: Falchion          |    53 |       |       |       ||    53
       War axe           |    40 |   104 |   246 |   109 ||   499
       Kick              |       |       |    71 |   251 ||   322
       Hand axe          |       |       |       |   497 ||   497
Invok: Berserk           |     2 |     2 |     7 |    11 ||    22
       Burn Spellbooks   |       |       |       |     2 ||     2
       Brothers in Arms  |       |       |       |     1 ||     1
  Use: Scroll            |       |       |       |    10 ||    10
 Stab: Sleeping          |     8 |     5 |     2 |     2 ||    17
       Distracted        |       |       |     1 |       ||     1
  Eat: Chunk             |     4 |     8 |    13 |    29 ||    54
       Ration            |       |       |     1 |       ||     1
Armor: Animal skin       |    23 |     5 |       |       ||    28
       Ring mail         |       |    25 |     1 |       ||    26
       Chain mail        |       |       |    48 |       ||    48
       Plate armour      |       |       |    62 |   215 ||   277
Dodge: Dodged            |    60 |    26 |    36 |   131 ||   253
       Deflected         |       |       |     7 |     5 ||    12
Block: Large shield      |    12 |    80 |   200 |   564 ||   856
       Rpst.: Falchion   |    22 |       |       |       ||    22
